 Dungeon Crawl Stone Soup version 0.23.2 (webtiles) character file.

Game seed: 12985258807180908073

22 night the Digger (level 2, -4/15 HPs)
             Began as a Gargoyle Earth Elementalist on Apr 4, 2019.
             Slain by Robin
             ... wielding a +0 mace
              (6 damage)
             ... on level 2 of the Dungeon.
             The game lasted 00:02:02 (1136 turns).

night the Digger (Gargoyle Earth Elementalist)      Turns: 1136, Time: 00:02:03

Health: -4/15      AC:  5    Str: 11    XL:     2   Next: 91%
Magic:  1/5        EV: 12    Int: 15    God:
Gold:   89         SH:  0    Dex: 10    Spells: 5/6 levels left

rFire    . . .     SeeInvis .   e - +0 spear
rCold    . . .     Gourm    .   (no shield)
rNeg     + . .     Faith    .   c - +0 robe
rPois    ∞         Spirit   .   (no helmet)
rElec    +         Reflect  .   n - +0 cloak (curse)
rCorr    .         Harm     .   (no gloves)
MR       .....                  (no boots)
Stlth    ++........             (no amulet)
HPRegen  0.05/turn              (no ring)
MPRegen  0.09/turn              (no ring)

@: slowed, very slow
A: negative energy resistance 1, electricity resistance, unbreathing,
petrification resistance, rot immunity, AC +2
a: no special abilities


You were on level 2 of the Dungeon.
You were hungry.

You visited 1 branch of the dungeon, and saw 2 of its levels.

You collected 89 gold pieces.

Inventory:

Hand Weapons
 e - a +0 spear (weapon)
Missiles
 b - 68 stones (quivered)
Armour
 c - a +0 robe (worn)
 n - a cursed +0 cloak (worn)
Scrolls
 f - a scroll of immolation {unknown}
 g - a scroll of amnesia {unknown}
 h - a scroll of fog {unknown}
 i - a scroll of remove curse {unknown}
 j - a scroll of identify {unknown}
 k - a scroll of blinking {unknown}
Potions
 a - a potion of curing {unknown}
 l - a potion of ambrosia {unknown}
 m - a potion of agility {unknown}
Comestibles
 d - 6 rations


   Skills:
 - Level 1.5 Dodging
 - Level 2.1 Stealth
 + Level 2.6 Spellcasting
   Level 0.7 Transmutations
 + Level 4.3 Earth Magic


You had 5 spell levels left.
You knew the following spells:

 Your Spells              Type           Power        Failure   Level  Hunger
a - Sandblast             Erth           ##....       3%          1    #......

Your spell library contained the following spells:

 Spells                   Type           Power        Failure   Level  Hunger
 Passwall                 Tmut/Erth      #.......     11%         2    ###....
 Stone Arrow              Conj/Erth      #.....       26%         3    ###....
 Petrify                  Tmut/Erth      #.......     58%         4    #####..
 Lee's Rapid Deconstruct  Erth           ##........   69%         5    ######.


Dungeon Overview and Level Annotations

Branches:
Dungeon (2/15)

Altars:

Annotations:
D:2 Jessica, Robin


Innate Abilities, Weirdness & Mutations

You are resistant to torment.
Your stone body is resilient. (AC +2)
You are immune to poison.
You resist negative energy. (rN+)
You are resistant to electric shocks. (rElec)
You can survive without breathing.
You are immune to petrification.
You are immune to rotting.


Message History

You feel yourself slow down.
Casting: Sandblast (safe; 3% risk of failure)
Confirm with . or Enter, or press ? or * to list all spells.
Aiming: Sandblast (safe; 3% risk of failure)
Press: ? - help, Shift-Dir - straight line, f/p - Robin
Aim: Robin, wielding a +0 mace, wearing a +0 animal skin and wearing a cursed +0 helmet (lightly wounded)
The blast of sand hits Robin.
Robin is moderately wounded.
b - 68 stones Robin barely misses you.
You hit Robin but do no damage.
Robin is moderately wounded.
Robin hits you with a +0 mace.
* * * LOW HITPOINT WARNING * * *
Jessica mumbles some strange words.
Jessica seems to speed up.
Robin barely misses you.
You hit Robin.
Robin is severely wounded.
Robin hits you with a +0 mace.
You die...

............##
###........... ###
#.###.##..## ...>.
...##..# ..## ######..#
#.# ###..## . #.#
#...... ...(#####.##
#.#.... #......@g@.#
#.#.### #(..#####..## #
#.#.# # #..##.####.#.##
#..##.#.......# [.
#.$#..........#
#....####.............#
##.....................#
..?...##......#.......##
.....##.#.#.##.........


You could see Robin and Jessica.

Vanquished Creatures
  A leopard gecko (D:2)
  A ball python (D:2)
  A giant cockroach (D:1)
  12 goblins
  A bat (D:1)
  A frilled lizard (D:1)
  A rat (D:2)
18 creatures vanquished.

Notes
Turn   | Place    | Note
-------+----------+-------------------------------------------
     0 | D:1      | night the Gargoyle Earth Elementalist began the quest for
                  | the Orb.
     0 | D:1      | Reached XP level 1. HP: 10/10 MP: 3/3
   749 | D:1      | Reached XP level 2. HP: 14/15 MP: 5/5
  1039 | D:2      | Reached skill level 4 in Earth Magic
  1084 | D:2      | Noticed Robin
  1129 | D:2      | Noticed Jessica
  1136 | D:2      | Slain by Robin

Skill      XL: |  1  2 |
---------------+-------+-----
Earth Magic    | 4 |  4.3
Dodging        | |  1.5
Stealth        | |  2.1
Spellcasting   | |  2.6
Transmutations | |  0.7

Action                   || total
-------------------------++-------
Melee: Spear             ||    51
       Unarmed           ||     1
 Cast: Sandblast         ||     8
 Stab: Sleeping          ||     2
Armor: Robe              ||    16
Dodge: Dodged            ||    31
